AoeStats
← ChinoR

Oasis

508748844Analyzed
2v2 RM · 7d ago on Sep 23, 2026· 59m 42s· 4 players
Game mode
Random Map
Map size
Medium (4 player)
Population
200
Speed
Normal
Resources
Standard
Victory
Conquest
Starting age
Dark Age
Ending age
Imperial Age
RankedLock teamsTeams togetherTeam positionsShared explorationLock speedFull tech treeHidden civsTurbo modeCheats
Victory
Defeat
🇦🇷 Varangians · Argentina
1182
+15
🇦🇷 Ethiopians · Argentina
1180
+15
🇦🇷 Varangians · Argentina
1174
-16
🇦🇷 Teutons · Argentina
1145
-14
EZEKIEL_2517
7:06 Loom
9:08 Feudal Age
10:12 Double-Bit Axe
14:32 Forging
17:34 Wheelbarrow
16:44 Horse Collar
20:17 Castle Age
18:57 Bloodlines
18:49 Padded Archer Armor
18:48 Gold Mining
19:57 Fletching
21:09 Bow Saw
20:59 Bodkin Arrow
24:19 Town Watch
24:54 Hand Cart
25:51 Ballistics
26:12 Leather Archer Armor
32:38 Heavy Plow
33:43 Elite Skirmisher
38:25 Imperial Age
38:12 Town Patrol
38:34 Heavy Mounted Crossbowman
39:46 Ring Archer Armor
40:18 Two-Man Saw
39:50 Crop Rotation
38:48 Capped Ram
41:14 Chemistry
40:54 Masonry
41:42 Iron Casting
41:13 Scale Barding Armor
44:20 Cavalier
45:34 Chain Barding Armor
46:15 Blast Furnace
46:22 Paladin
49:01 Conscription
53:58 Hoardings
55:15 Caravan
57:13 Squires
57:56 Scale Mail Armor
58:31 Plate Barding Armor
58:17 Pikeman
58:45 Gambesons
59:16 Chain Mail Armor
Moralelastic
6:46 Loom
9:36 Feudal Age
14:19 Castle Age
13:09 Forging
13:08 Scale Barding Armor
13:18 Double-Bit Axe
14:00 Horse Collar
16:11 Bloodlines
21:17 Forging
21:50 Husbandry
23:54 Wheelbarrow
24:40 Chain Barding Armor
25:53 Gold Mining
26:35 Town Watch
27:11 Stone Mining
31:47 Hand Cart
36:24 Iron Casting
36:40 Bow Saw
36:09 Vendel Legacy
37:39 Fletching
39:34 Bodkin Arrow
41:18 Padded Archer Armor
44:42 Imperial Age
44:02 Elite Skirmisher
45:03 Scale Mail Armor
46:08 Cavalier
49:22 Blast Furnace
49:00 Plate Barding Armor
49:43 Two-Man Saw
48:44 Heavy Plow
50:52 Blast Furnace
50:34 Conscription
52:00 Caravan
54:00 Masonry
53:48 Murder Holes
54:22 Padded Archer Armor
55:27 Architecture
56:28 Leather Archer Armor
58:28 Bracer
MonoH
8:53 Loom
11:32 Feudal Age
17:25 Castle Age
15:58 Double-Bit Axe
18:12 Forging
17:48 Horse Collar
20:36 Husbandry
28:47 Scale Barding Armor
33:42 Gold Mining
33:43 Stone Mining
34:37 Squires
35:28 Iron Casting
34:54 Scale Mail Armor
35:14 Chain Barding Armor
37:37 Arson
38:42 Wheelbarrow
37:53 Town Watch
38:04 Pikeman
42:42 Bloodlines
45:13 Imperial Age
46:17 Conscription
45:59 Gothikon
47:16 Capped Ram
48:42 Stone Shaft Mining
48:08 Elite Jarl
51:34 Blast Furnace
50:50 Chain Mail Armor
53:59 Elite Varangian Guard
56:40 Plate Mail Armor
58:41 Caravan
ChinoR
7:30 Loom
9:52 Feudal Age
10:40 Double-Bit Axe
13:32 Horse Collar
19:29 Castle Age
18:32 Gold Mining
18:36 Stone Mining
20:06 Crossbowman
20:52 Thumb Ring
22:15 Bow Saw
22:21 Fletching
22:31 Padded Archer Armor
25:24 Bodkin Arrow
25:48 Leather Archer Armor
30:02 Ballistics
34:29 Heavy Plow
35:07 Wheelbarrow
34:47 Husbandry
34:10 Light Cavalry
36:26 Elite Skirmisher
38:41 Hand Cart
38:12 Town Watch
42:07 Imperial Age
45:04 Chemistry
43:31 Hussar
45:30 Two-Man Saw
45:21 Bracer
45:51 Ring Archer Armor
45:26 Scale Barding Armor
45:32 Forging
49:38 Chain Barding Armor
49:53 Iron Casting
50:55 Scale Mail Armor
50:19 Halberdier
51:00 Squires
52:48 Blast Furnace
55:54 Chain Mail Armor
59:15 Arbalester
Connection lost

Rejoining the realm…

Still unreachable

The connection could not be restored.

Session expired

The server has moved on; the page needs a fresh start.